Map: 10000 Feet LE

Players

llllllllllll - Winner!

  • Race: Terran Terran
  • League: Grandmaster
  • Spawn Location: 5:00

laggggggg

  • Race: Protoss Protoss
  • League: Grandmaster
  • Spawn Location: 11:00

VOD

Have the link to the VOD?

Description

Time

  • Played on: Dec. 14, 2025, 4:29 a.m.
  • Length: 9:58
Show
View Real Time Build Order
Export as new Build Order

llllllllllll Terran - Winner!

Build Orders: Reaper Expand 

Get SALT Encoding   

  12  0:00  SCV  
  13  0:12  SCV  
  14  0:17  Supply Depot  
  14  0:24  SCV  
  15  0:39  SCV, Barracks  
  15  0:42  Refinery  
  16  0:51  SCV  
  17  1:03  SCV  
  18  1:15  SCV  
  19  1:28  Orbital Command, Reaper  
  20  1:41  Command Center  
  20  1:51  Supply Depot  
  20  1:53  SCV  
  21  2:00  Marine  
  22  2:05  SCV  
  22  2:07  Factory  
  23  2:12  Refinery  
  23  2:18  SCV  
  23  2:20  Barracks Reactor  
  24  2:24  Bunker  
  24  2:30  SCV  
  25  2:42  SCV  
  28  2:51  Hellion, Starport  
  28  2:54  SCV  
  28  2:57  Orbital Command  
  28  2:58  Marine x2  
  30  3:06  SCV  
  31  3:16  Factory Tech Lab, Marine x2  
  31  3:18  SCV  
  33  3:23  SCV  
  34  3:30  SCV  
  34  3:33  Barracks  
  35  3:35  SCV  
  35  3:41  Raven, Marine x2  
  39  3:42  SCV  
  39  3:45  Supply Depot  
  39  3:47  SCV  
  42  3:49  Factory Tech Lab  
  42  3:54  SCV  
  43  3:56  Barracks  
  43  3:59  SCV  
  44  4:03  Marine x2  
  44  4:07  SCV  
  44  4:08  Supply Depot  
  47  4:11  SCV  
  48  4:19  SCV  
  48  4:20  Factory Reactor  
  49  4:24  SCV  
  49  4:26  Starport Reactor, Engineering Bay, Refinery  
  49  4:29  Stimpack  
  49  4:30  Marauder  
  49  4:31  Marine  
  53  4:33  SCV  
  53  4:37  Supply Depot  
  54  4:38  SCV  
  55  4:45  SCV  
  55  4:46  Marine  
  55  4:49  Marine, Supply Depot  
  55  4:50  SCV  
  55  4:51  Terran Infantry Weapons Level 1  
  59  4:59  SCV  
  60  5:01  Combat Shield  
  60  5:02  Marauder x2  
  60  5:04  Refinery  
  60  5:05  SCV  
  65  5:10  Widow Mine x2  
  65  5:14  Supply Depot, SCV  
  69  5:17  Marine x2  
  72  5:23  SCV  
  72  5:26  Marauder  
  72  5:27  Marauder  
  77  5:35  Medivac x2  
  81  5:37  Supply Depot  
  81  5:38  Supply Depot  
  81  5:39  SCV x2  
  81  5:41  Marine x2  
  84  5:52  Marauder  
  84  5:53  Marauder  
  86  5:59  Widow Mine x2  
  86  6:01  Supply Depot  
  90  6:05  Marine x2, Supply Depot  
  90  6:06  Medivac x2  
  92  6:20  Concussive Shells  
  92  6:21  Marauder  
  92  6:22  Marauder  
  92  6:23  Marine x2  
  98  6:36  Medivac x2  
  98  6:39  Command Center  
  102  6:42  Marine  
  102  6:43  Marauder, Marine  
  102  6:44  Widow Mine  
  108  6:49  Widow Mine  
  108  6:53  Marauder  
  112  7:00  Marine x2  
  114  7:05  Marauder  
  114  7:06  Medivac x2  
  117  7:14  Marauder  
  116  7:18  Marine x2  
  108  7:26  Barracks, Marauder  
  108  7:27  Barracks  
  110  7:32  SCV x2, Starport  
  110  7:35  Marine  
  110  7:36  Viking  
  115  7:40  Viking  
  115  7:44  SCV  
  118  7:50  Marine x2  
  118  7:51  SCV, Marauder  
  119  7:54  Orbital Command  
  119  8:06  Viking  
  119  8:10  Viking  
  117  8:18  Marauder x2, Barracks Tech Lab, Barracks Reactor, Orbital Command  
  119  8:25  SCV x2  
  119  8:26  Viking x2  
  125  8:37  SCV x2  
  125  8:38  Ghost Academy  
  125  8:39  Marauder  
  125  8:40  Missile Turret  
  129  8:46  Viking  
  131  8:48  Missile Turret  
  131  8:50  Missile Turret  
  131  8:52  Viking  
  133  9:02  Supply Depot  
  133  9:04  Supply Depot  
  133  9:17  Supply Depot x2  
  133  9:24  Marine, SCV x3  
  133  9:26  Marine x3  
  145  9:36  SCV x2  
  140  9:52  Unknown x2  
  140  9:54  Unknown  
Show
View Real Time Build Order
Export as new Build Order

laggggggg Protoss 

Build Orders: 1 Gate Expand, Blink Stalkers 

Get SALT Encoding   

  12  0:00  Probe  
  13  0:12  Probe  
  14  0:16  Pylon  
  14  0:23  Probe  
  15  0:32  Probe  
  15  0:37  Gateway  
  15  0:40  Probe  
  16  0:45  Assimilator  
  17  0:51  Probe  
  18  1:03  Probe  
  19  1:15  Probe  
  20  1:23  Cybernetics Core  
  20  1:32  Nexus  
  20  1:37  Pylon  
  20  1:41  Probe  
  21  1:50  Adept, Assimilator  
  21  1:54  Probe  
  24  2:02  Warp Gate  
  24  2:06  Probe  
  24  2:08  Stalker  
  25  2:19  Probe  
  28  2:32  Probe  
  28  2:36  Twilight Council  
  29  2:39  Stalker  
  29  2:42  Probe  
  31  2:44  Probe  
  31  2:50  Probe  
  33  2:52  Blink  
  33  2:56  Probe  
  35  3:00  Probe  
  36  3:08  Probe x2  
  38  3:16  Probe  
  36  3:20  Probe  
  36  3:24  Gateway  
  38  3:27  Probe  
  38  3:32  Probe  
  40  3:39  Pylon, Probe  
  40  3:40  Gateway  
  41  3:42  Robotics Facility  
  41  3:44  Probe  
  42  3:51  Stalker, Probe  
  45  3:57  Probe  
  46  4:03  Probe  
  46  4:06  Nexus  
  47  4:10  Pylon  
  47  4:14  Probe  
  48  4:18  Stalker  
  48  4:20  Stalker  
  48  4:24  Probe  
  53  4:25  Pylon  
  53  4:29  Probe  
  53  4:30  Observer  
  55  4:31  Assimilator  
  55  4:35  Stalker  
  55  4:36  Probe  
  58  4:45  Probe  
  59  4:50  Stalker x2  
  59  4:52  Observer  
  62  5:03  Probe  
  62  5:06  Probe  
  64  5:11  Charge  
  64  5:13  Forge  
  64  5:14  Probe  
  64  5:16  Gateway  
  64  5:17  Probe, Gateway  
  64  5:18  Pylon  
  64  5:19  Gateway  
  66  5:27  Pylon  
  66  5:30  Probe  
  66  5:32  Probe  
  66  5:34  Probe  
  69  5:41  Robotics Bay  
  69  5:44  Probe  
  70  5:53  Sentry  
  70  5:54  Zealot x2  
  70  5:55  Probe x2, Protoss Ground Weapons Level 1  
  78  6:00  Assimilator, Probe  
  78  6:02  Shield Battery  
  79  6:07  Probe  
  79  6:08  Probe  
  81  6:17  Colossus  
  80  6:19  Zealot x6  
  92  6:29  Probe x2  
  92  6:32  Pylon  
  100  6:35  Pylon x2  
  100  6:44  Pylon  
  100  6:45  Pylon  
  100  6:47  Pylon  
  100  6:48  Assimilator  
  100  6:51  Dark Shrine  
  100  6:53  Zealot x4  
  100  6:54  Zealot  
  110  6:55  Pylon  
  108  7:12  Zealot  
  108  7:13  Zealot x2  
  108  7:14  Zealot x3  
  104  7:16  Colossus  
  96  7:35  Gateway  
  96  7:36  Zealot x5, Gateway  
  96  7:54  Stalker  
  94  7:59  Stalker x3  
  94  8:00  Zealot x2  
  94  8:04  Extended Thermal Lance  
  100  8:17  Zealot  
  100  8:19  Disruptor  
  106  8:21  Dark Templar x2  
  106  8:25  Zealot x3  
  116  8:27  Nexus  
  116  8:30  Probe x2  
  116  8:31  Probe  
  119  8:36  Pylon  
  119  8:42  Probe  
  119  8:47  Probe  
  117  8:51  Disruptor  
  117  8:52  Robotics Facility  
  121  8:57  Zealot  
  121  8:58  Zealot x3  
  129  9:07  Zealot  
  129  9:08  Zealot  
  133  9:12  Probe  
  134  9:17  Forge  
  134  9:22  Shield Battery  
  134  9:23  Shield Battery  
  134  9:32  Zealot x4  
  119  9:46  Pylon  
  119  9:50  Zealot x3  
  119  9:51  Zealot  
Tags
 
Add a new tag
Caveats
  • Supply blocks, unpowered buildings, or Contaminate may cause inaccurate times.
  • Supply counts are checked every 10 seconds.